 Dungeon Crawl Stone Soup version 0.31-a0-348-g810772c3d7 (webtiles) character file.

Game seed: 16863488811166981595

1 MrRokkomies the Trooper (level 1, 0/18 HPs)
             Began as a Demonspawn Monk on July 23, 2023.
             Slain by a hobgoblin (4 damage)
             ... on level 1 of the Dungeon.
             The game lasted 00:00:42 (62 turns).

MrRokkomies the Trooper (Demonspawn Monk)             Turns: 62, Time: 00:00:42

Health: 0/18       AC:  2    Str: 11    XL:     1   Next: 16%
Magic:  1/1        EV: 13    Int: 11    God:
Gold:   0          SH:  0    Dex: 15    Spells: 0/0 levels left

rFire   . .          .
                       - Unarmed
rCold   . . .        c - orb {light}
rNeg    . . .        a - +0 robe
rPois   .            (no helmet)
rElec   .            (no cloak)
rCorr   .            (no gloves)
SInv    .            (no boots)
Will    .....        (no amulet)
Stlth   +            (no ring)
HPRegen 0.23/turn    (no ring)
MPRegen 0.07/turn

%: no passive effects
@: glowing
A: no striking features
a: no special abilities


You were on level 1 of the Dungeon.
You visited 1 branch of the dungeon, and saw 1 of its levels.

Inventory:

Hand Weapons
 d - a +2 antimagic short sword
Armour
 a - a +0 robe (worn)
 c - an orb of light (worn)
Potions
 b - a potion of ambrosia


   Skills:
 * Level 3.0 Fighting
 + Level 2.7 Dodging
 * Level 2.7 Unarmed Combat


You couldn't memorise any spells.
You didn't know any spells.
Your spell library was empty.

Dungeon Overview and Level Annotations

Branches:
Dungeon (1/15)

Altars:


Message History

d - a +2 antimagic short sword An endoplasm comes into view.
You start resting.
Magic restored.
HP restored.
A kobold comes into view. It is wielding a +0 club.
The kobold shouts!
A rat comes into view.
The endoplasm quivers.
The kobold throws a stone.
The stone closely misses you.
A hobgoblin comes into view.
The hobgoblin shouts!
The kobold hits you but does no damage.
You hit the kobold.
The kobold is severely wounded.
The kobold hits you with a +0 club.
You hit the kobold.
You kill the kobold!
The rat closely misses you.
You hit the endoplasm but do no damage. The rat barely misses you.
The endoplasm closely misses you.
You completely miss the endoplasm. The rat misses you. The endoplasm hits you.
You hit the endoplasm.
The endoplasm is almost dead.
The endoplasm barely misses you. The rat bites you. The hobgoblin misses you.
You completely miss the endoplasm.
The endoplasm is almost dead.
The endoplasm freezes you.
You are frozen.
The rat closely misses you. The hobgoblin hits you.
You are too injured to fight recklessly!
You are too injured to fight recklessly!
You are too injured to fight recklessly!
You are too injured to fight recklessly!
The endoplasm attacks as you move away! The endoplasm hits you.
* * * LOW HITPOINT WARNING * * *
The rat attacks as you move away! The rat misses you.
The rat attacks as you move away! The rat bites you.
* * * LOW HITPOINT WARNING * * *
The hobgoblin attacks as you move away! The hobgoblin hits you.
You die...

## ### . ..# #
#.#.#.# #.#.#.#
#.....# ####.#### #
#.......###
.##.######.##.##...#
........J@.##..>...#
.#....$.gr.#####...#
...........# #..##
......)..^.....#'##
#..........#####.##
##........### #.(.#
.........##.###(..##
##.#.##.##...#.((.(#
#.#. #.##..(#(..((#


You could see an endoplasm, a hobgoblin and a rat.

Vanquished Creatures
  2 kobolds (D:1)
2 creatures vanquished.

Notes
Turn   | Place    | Note
-------+----------+-------------------------------------------
     0 | D:1      | MrRokkomies the Demonspawn Monk began the quest for the
                  | Orb.
     0 | D:1      | Reached XP level 1. HP: 18/18 MP: 1/1
    62 | D:1      | Slain by a hobgoblin

Illustrated notes

Levels and vault maps discovered:
D:1:      minmay_arrival_shattered_statue, layout_loops_cross,
          nicolae_ecumenical_lake_church

Action                     || total
---------------------------++-------
  Melee: Unarmed           ||     7
 Armour: Robe              ||     1
  Dodge: Dodged            ||     9

Table legend: (Time is in decaauts)
 A = Elapsed time spent in this place.
 B = Non-inter-level travel time spent in this place.
 C = Inter-level travel time spent in this place.
 D = Time resting spent in this place.
 E = Time spent auto-exploring this place.
 F = Levels seen in this place.
 G = Mean time per level.
                   A        B        C        D        E       F      G
               +--------+--------+--------+--------+--------+-----+--------+
         Total |     61 |     61 |      0 |      5 |     33 |   1 |   61.0 |
       Dungeon |     61 |     61 |      0 |      5 |     33 |   1 |   61.0 |
               +--------+--------+--------+--------+--------+-----+--------+

Top non-repeatable levels by time:
     D:1: 61 daAuts
